 Dungeon Crawl Stone Soup version 0.30-a0-358-g0d69a1922f (webtiles) character file.

Game seed: 16418479760597802085

40698 funkygono the Thaumaturge (level 13, -6/86 HPs)
             Began as a Demonspawn Fire Elementalist on Nov 10, 2022.
             Was a High Priest of Vehumet.
             Mangled by a hog (13 damage)
             ... led by Kirke
             ... on level 4 of the Lair of Beasts.
             The game lasted 00:41:38 (21934 turns).

funkygono the Thaumaturge (DsFE)                   Turns: 21934, Time: 00:41:39

Health: -6/86      AC:  0    Str: 10    XL:     13   Next: 76%
Magic:  31/31      EV: 21    Int: 20    God:    Vehumet [*****.]
Gold:   1479       SH:  0    Dex: 14    Spells: 17/40 levels left

rFire   . . .      SeeInvis .    (weapon currently unavailable)
rCold   + . .      Faith    .    (shield currently unavailable)
rNeg    . . .      Spirit   .    (body armour currently unavailable)
rPois   .          Reflect  .    (helmet currently unavailable)
rElec   .          Harm     .    (cloak currently unavailable)
rCorr   .          Rampage  +    (gloves currently unavailable)
Will    .....                    (boots currently unavailable)
Stlth   +.........               O - amulet "Xuuxzaj" {Rampage rC+ Regen+}
HPRegen 1.14/turn                (ring currently unavailable)
MPRegen 0.22/turn                (ring currently unavailable)

@: confused, mighty, agile, pig-form, slowed
A: fast, no casting, small, (claws 2), (large bone plates 1), foul stench 1,
powered by pain 1
a: Renounce Religion


You were on level 4 of the Lair of Beasts.
You worshipped Vehumet.
Vehumet was extremely pleased with you.
You were a filthy swine.
You visited 3 branches of the dungeon, and saw 17 of its levels.
You also visited: Ossuary.

You collected 1479 gold pieces.

Inventory:

Hand Weapons
 a - a +3 great sword
 h - a +2 great sword of distortion
 B - a +0 demon whip of venom
 E - a +2 great sword of freezing (melded)
 I - a +4 long sword
Armour
 e - +0 steam dragon scales (melded)
 o - a +2 pair of boots (melded)
 F - a +1 robe of willpower
 K - a +0 pair of gloves (melded)
 L - a +1 cloak (melded)
 M - a +2 robe of cold resistance
Jewellery
 i - a ring of protection from fire (melded)
 m - an amulet of the acrobat
 r - a ring of magical power
 y - a +6 ring of intelligence (melded)
 D - a ring of poison resistance
 N - a ring of resist corrosion
 O - the amulet "Xuuxzaj" (around neck) {Rampage rC+ Regen+}
   (You took it off a vampire on level 11 of the Dungeon)

   [amulet of regeneration]

   rC:        It protects you from cold.
   Regen:     It increases your rate of health regeneration.
   Rampage:   It bestows one free step when moving towards enemies.
Wands
 f - a wand of mindburst (4)
 J - a wand of flame (16)
 P - a wand of digging (4)
Scrolls
 c - 3 scrolls of teleportation
 t - 2 scrolls of fear
 x - 2 scrolls of fog
 H - a scroll of amnesia
Potions
 b - 2 potions of magic
 d - 6 potions of curing
 g - 3 potions of flight
 j - 5 potions of haste
 l - 4 potions of brilliance
 n - 3 potions of ambrosia
 p - 6 potions of mutation
 q - a potion of invisibility
 s - a potion of cancellation
 u - 3 potions of heal wounds
 w - a potion of resistance {unknown}
 z - 5 potions of might
 A - 4 potions of lignification
 C - a potion of berserk rage {unknown}


   Skills:
 + Level 3.2 Fighting
 + Level 2.2 Long Blades
 + Level 2.4 Maces & Flails
 + Level 4.5 Dodging
 - Level 1.7 Stealth
 + Level 1.2 Shields
 + Level 14.4 Spellcasting
 + Level 7.8 Conjurations
 + Level 11.9 Fire Magic
 + Level 2.1 Earth Magic
 + Level 8.4 Poison Magic


You had 17 spell levels left.
You knew the following spells:

 Your Spells              Type           Power      Damage    Failure   Level
a - Foxfire               Conj/Fire      100%       2x1d9     1%          1
b - Scorch                Fire           100%       2d10      1%          2
c - Kindle Blastsparks    Fire/Tloc/Air  60%        2d15      1%          3
d - Flame Wave            Conj/Fire      52%        2d13      1%          4
e - Olgreb's Toxic Radia  Pois           48%        N/A       1%          4
f - Magic Dart            Conj           100%       1d8       1%          1
g - Stone Arrow           Conj/Erth      68%        3d11      1%          3
h - Fireball              Conj/Fire      26%        3d12      1%          5

Your spell library contained the following spells:

 Spells                   Type           Power      Damage    Failure   Level
 Ozocubu's Refrigeration  Ice            7%         4d9       100%        7
 Kiss of Death            Conj/Necr      100%       2d13      1%          1
 Sandblast                Erth           44%        2d11      1%          1
 Sting                    Tmut/Pois      100%       1d8       1%          1
 Poisonous Vapours        Pois/Air       62%        N/A       1%          2
 Inner Flame              Hex/Fire       38%        N/A       1%          3
 Fulminant Prism          Conj/Hex       15%        3d10      2%          4
 Frozen Ramparts          Ice            28%        1d5       3%          3
 Starburst                Conj/Fire      26%        6d8       3%          6
 Apportation              Tloc           28%        N/A       4%          1
 Summon Small Mammal      Summ           56%        N/A       4%          1
 Passwall                 Tmut/Erth      15%        N/A       4%          2
 Call Canine Familiar     Summ           14%        N/A       13%         3
 Confusing Touch          Hex            14%        N/A       13%         3
 Summon Guardian Golem    Hex/Summ       14%        N/A       13%         3
 Alistair's Intoxication  Tmut/Pois      20%        N/A       22%         5
 Cause Fear               Hex            7%         N/A       41%         4
 Dispel Undead            Necr           14%        3d10      41%         4
 Ice Form                 Ice/Tmut       14%        N/A       41%         4
 Summon Ice Beast         Ice/Summ       14%        N/A       41%         4
 Enfeeble                 Hex            7%         N/A       100%        7
 Discord                  Hex            7%         N/A       100%        8


Dungeon Overview and Level Annotations

Branches:
Dungeon (12/15)            Temple (1/1) D:6            Lair (4/5) D:9
  Swamp (0/4) Lair:2        Snake (0/4) Lair:2          Orc (0/2) D:10
Ossuary (visited)
  Slime: Lair:4-5

Altars:
Ashenzari
Cheibriados
Dithmenos
Fedhas
Gozag
Hepliaklqana
Kikubaaqudgha
Makhleb
Nemelex Xobeh
Okawaru
Qazlal
Ru
Sif Muna
Trog
Uskayaw
Vehumet
Wu Jian
Xom
Yredelemnul

Shops:
D:7 *   D:10 *   D:11 *

Annotations:
D:3 1 runed translucent door, gabibbone's ghost, weakling AtWr
Lair:2 2 transporters, exclusion: ice statue, Chingon's ghost, journeyman MiBe
Lair:4 Kirke


Innate Abilities, Weirdness & Mutations

You are a filthy swine.
You move quickly.
Your equipment is almost entirely melded.
You are incapable of wielding weapons or throwing items.
You cannot cast spells.
((You have very sharp fingernails.))
((You are partially covered in large bone plates. (SH +4)))
You may rarely emit foul miasma when damaged in melee.
You sometimes gain a little power by taking damage.


Message History

You hear some strange, mumbled words.
You feel a momentary urge to oink. The lindwurm completely misses you.
The lindwurm claws you. The lindwurm completely misses you.
The hog barely misses you.
You hit something. The hog barely misses you. The hog bites you.
Something hits you. The lindwurm misses you.
The lindwurm closely misses you. x2
The hog closely misses you.
You closely miss something. The hog misses you.
You hear some strange, mumbled words.
Something tries to affect you, but you resist.
The lindwurm closely misses you. The lindwurm claws you. x2
The hog completely misses you. The hog misses you.
You closely miss something. The hog closely misses you. Something hits you!
You focus on the pain.
You feel very mighty all of a sudden. The lindwurm misses you.
The lindwurm barely misses you. The lindwurm closely misses you.
The hog barely misses you. The hog closely misses you.
You feel much better. The hog misses you. Something hits you!
The lindwurm bites you! The lindwurm claws you. The lindwurm claws you!
* * * LOW HITPOINT WARNING * * *
The hog barely misses you. The hog closely misses you.
You hear some strange, mumbled words.
Something summons a sphinx!
The lindwurm misses you. x2
The lindwurm closely misses you. The hog bites you.
* * * LOW HITPOINT WARNING * * *
You emit a cloud of foul miasma!
You feel much better. The hog barely misses you.
The hog is engulfed in dark miasma.
The hog is poisoned.
The hog bites you!
You focus on the pain.
You feel your power returning. Something hits you!
* * * LOW HITPOINT WARNING * * *
You focus on the pain.
You feel your power returning.
The sphinx mumbles some strange words.
You are confused.
The lindwurm bites you!
* * * LOW HITPOINT WARNING * * *
The lindwurm claws you.
* * * LOW HITPOINT WARNING * * *
The lindwurm misses you. The hog bites you!
You die...

P...#.#.###..#.....###.#÷÷.......
#. #.#.##.........####..##..##..
..###...###..........##..########
...............)................
....................#.##.###.##
#..>..#.#...P.##..####.#†#
#...###......###..# ##..#
#...#.......##.h{h### ##.#
............###khH..# #.........
##..P##.#..## ###..#..##.P..P...
P.....##...## ##...........(..
......##.P..# ..#######.#.##
~..#..#.)...# ..# .. #
~~~.#.#..P..# ..# #.
≈≈~.P.#....## .# ## ≈≈≈~........#
~≈~.P......##


You could see a sphinx (summoned), a lindwurm (summoned) and 2 hogs.

Vanquished Creatures
  Josephine (D:10)
  A catoblepas (Lair:2)
  Erica (D:11)
  2 boulder beetles
  An ogre mage (D:10)
  7 two-headed ogres
  3 death yaks
  Sonja (Lair:2)
  Amaemon (Lair:2)
  Lodul (D:10)
  4 cyclopes
  A manticore (D:7)
  2 ugly things
  4 oklob plants (Lair:1)
  An elephant (Lair:4)
  4 cane toads
  3 black mambas
  A torpor snail (Lair:1)
  An orange demon (Lair:2)
  2 unseen horrors (D:11)
  A komodo dragon (Lair:3)
  A kobold demonologist (D:9)
  A rime drake (Lair:1)
  An efreet (D:12)
  3 trolls (D:11)
  A tyrant leech (Lair:2)
  5 dream sheep (Lair:4)
  4 blink frogs (Lair:3)
  5 wyverns
  2 shadows
  Eustachio (D:5)
  A vampire (D:11)
  7 wraiths
  A basilisk (Lair:2)
  49 yaks
  A hog (Lair:4)
  2 vampire mosquitoes (D:9)
  A steam dragon (Lair:2)
  Menkaure (D:5)
  2 two-headed ogre zombies (D:10)
  A naga (Lair:2)
  8 water moccasins
  3 orc warriors
  A sky beast (D:7)
  23 ogres
  9 centaurs
  A phantom (D:5)
  11 kobold brigands
  4 scorpions
  5 bullfrogs
  2 gnoll sergeants (D:7)
  3 water moccasin zombies (Ossuary)
  13 wights
  14 killer bees
  2 jellies
  A gnoll bouda (D:9)
  6 orc priests
  5 hounds
  2 iguanas (D:7)
  12 orc wizards
  3 mummies
  27 gnolls
  5 adders
  2 shadow imps (D:7)
  An ufetubus (D:4)
  2 adder zombies (Ossuary)
  A worm (D:2)
  2 dart slugs
  27 orcs
  8 ball pythons
  4 bats
  9 endoplasms
  3 giant cockroaches
  A gnoll zombie (Ossuary)
  5 goblins
  14 hobgoblins
  4 jackals
  28 kobolds
  5 quokkas
  2 frilled lizards (D:1)
  3 hobgoblin zombies (Ossuary)
  5 kobold zombies (Ossuary)
  5 orc zombies (Ossuary)
  3 rats (D:1)
427 creatures vanquished.

Vanquished Creatures (collateral kills)
  23 foxfires
23 creatures vanquished.

Vanquished Creatures (others)
  1049 foxfires
  12 fungi
  66 plants
1127 creatures vanquished.

Grand Total: 1577 creatures vanquished

Notes
Turn   | Place    | Note
-------+----------+-------------------------------------------
     0 | D:1      | funkygono the Demonspawn Fire Elementalist began the quest
                  | for the Orb.
     0 | D:1      | Reached XP level 1. HP: 13/13 MP: 3/3
   250 | D:1      | Gained mutation: You sometimes gain a little power by
                  | taking damage. [demonic ancestry]
   250 | D:1      | Reached XP level 2. HP: 19/19 MP: 3/5
   397 | D:1      | Learned a level 2 spell: Scorch
  1130 | D:2      | Gained mutation: You may rarely emit foul miasma when
                  | damaged in melee. [demonic ancestry]
  1130 | D:2      | Reached XP level 3. HP: 24/24 MP: 3/6
  1454 | D:2      | Gained mutation: You have sharp fingernails. [demonic
                  | ancestry]
  1454 | D:2      | Reached XP level 4. HP: 16/30 MP: 1/8
  1742 | D:2      | Reached skill level 3 in Spellcasting
  2096 | D:2      | Learned a level 3 spell: Kindle Blastsparks
  2348 | D:3      | Reached skill level 1 in Maces & Flails
  2382 | D:3      | Found a burning altar of Makhleb.
  2414 | D:3      | Found an ancient bone altar of Kikubaaqudgha.
  2766 | D:3      | Reached XP level 5. HP: 35/35 MP: 3/9
  3123 | D:3      | Found a runed translucent door.
  3130 | D:3      | Noticed gabibbone's ghost (weakling AtWr)
  3285 | D:3      | Learned a level 4 spell: Flame Wave
  3340 | D:4      | Found a sand-covered staircase.
  3350 | Ossuary  | Entered an ossuary
  3440 | Ossuary  | Reached XP level 6. HP: 19/42 MP: 0/11
  3883 | Ossuary  | Reached skill level 4 in Spellcasting
  4059 | Ossuary  | Identified the +4 short sword "Tyz Qyg" {antimagic, Will++
                  | Dex+3}
  4493 | D:4      | Found an ornate altar of the Wu Jian Council.
  4717 | D:4      | You fall into a shaft and drop 1 floor!
  4717 | D:5      | Entered Level 5 of the Dungeon
  4723 | D:5      | Identified the +3 scale mail of the Swamp {Fly}
  4744 | D:5      | Reached XP level 7. HP: 39/47 MP: 5/13
  4850 | D:5      | Reached skill level 5 in Fire Magic
  5168 | D:5      | Noticed a shadow
  5178 | D:5      | Killed a shadow
  5179 | D:5      | Reached skill level 5 in Spellcasting
  5320 | D:5      | Gained mutation: You are partially covered in large bone
                  | plates. (SH +4) [demonic ancestry]
  5320 | D:5      | Reached XP level 8. HP: 53/53 MP: 3/16
  5761 | D:5      | Found a shadowy altar of Dithmenos.
  5818 | D:5      | Noticed Menkaure
  5821 | D:5      | Killed Menkaure
  5881 | D:5      | Noticed Eustachio
  5885 | D:5      | Killed Eustachio
  5886 | D:5      | Reached skill level 6 in Spellcasting
  6057 | D:5      | Found a shimmering altar of Xom.
  6087 | D:5      | Found an iron altar of Okawaru.
  6087 | D:5      | Found a snail-covered altar of Cheibriados.
  6089 | D:5      | Found an ancient bone altar of Kikubaaqudgha.
  6089 | D:5      | Found a stormy altar of Qazlal.
  6089 | D:5      | Found a blossoming altar of Fedhas.
  6702 | D:6      | Found an iron altar of Okawaru.
  6784 | D:6      | Found an opulent altar of Gozag.
  7101 | D:6      | Found a staircase to the Ecumenical Temple.
  7296 | Temple   | Entered the Ecumenical Temple
  7311 | Temple   | Became a worshipper of Vehumet
  7800 | D:7      | Reached skill level 7 in Spellcasting
  7800 | D:7      | Gained mutation: You have very sharp fingernails. [demonic
                  | ancestry]
  7800 | D:7      | Reached XP level 9. HP: 58/58 MP: 12/19
  8159 | D:7      | Found Zin's Purification Station.
  8170 | D:7      | Noticed a manticore
  8176 | D:7      | Killed a manticore
  8177 | D:7      | Reached skill level 1 in Fighting
  8177 | D:7      | Reached skill level 5 in Conjurations
  8578 | D:7      | Noticed a +0 hand axe
  8578 | D:7      | Noticed a +0 dagger
  8579 | D:7      | Found a hide-covered altar of Uskayaw.
  8603 | D:7      | Found a bloodstained altar of Trog.
  8612 | D:7      | Learned a level 4 spell: Olgreb's Toxic Radiance
  8991 | D:7      | Reached skill level 1 in Poison Magic
  9116 | D:7      | Reached skill level 8 in Spellcasting
  9306 | D:8      | Reached XP level 10. HP: 62/66 MP: 4/22
  9747 | D:8      | Reached * piety under Vehumet
  9747 | D:8      | Offered knowledge of Magic Dart by Vehumet.
  9750 | D:8      | Learned a level 1 spell: Magic Dart
 10338 | D:9      | Found a staircase to the Lair.
 10599 | D:9      | Reached ** piety under Vehumet
 10600 | D:9      | Offered knowledge of Shock by Vehumet.
 10726 | D:8      | Reached skill level 9 in Spellcasting
 11049 | D:9      | Found a sacrificial altar of Ru.
 11102 | D:9      | Reached skill level 10 in Fire Magic
 11301 | D:9      | Reached XP level 11. HP: 71/72 MP: 18/24
 11322 | D:9      | Offered knowledge of Momentum Strike by Vehumet.
 11596 | D:9      | Learned a level 3 spell: Stone Arrow
 11656 | D:10     | Entered Level 10 of the Dungeon
 11694 | D:10     | Found a staircase to the Orcish Mines.
 12070 | D:10     | Reached *** piety under Vehumet
 12122 | D:10     | Noticed Lodul
 12131 | D:10     | Killed Lodul
 12132 | D:10     | Reached skill level 10 in Spellcasting
 12356 | D:10     | Noticed a red ugly thing
 12365 | D:10     | Killed a red ugly thing
 12557 | D:10     | Noticed Josephine
 12564 | D:10     | Killed Josephine
 12566 | D:10     | Offered knowledge of Sticky Flame by Vehumet.
 12833 | D:10     | Found Dill's Assorted Antiques.
 13056 | D:10     | Noticed a two-headed ogre
 13061 | D:10     | Noticed a two-headed ogre
 13076 | D:9      | Killed a two-headed ogre
 13077 | D:9      | Reached skill level 1 in Shields
 13194 | D:10     | Killed a two-headed ogre
 13195 | D:10     | Reached skill level 11 in Spellcasting
 13532 | D:10     | Noticed a two-headed ogre
 13557 | D:10     | Killed a two-headed ogre
 13623 | D:10     | Noticed a two-headed ogre
 13650 | D:10     | Killed a two-headed ogre
 13651 | D:10     | Reached skill level 5 in Poison Magic
 13698 | D:10     | Noticed a two-headed ogre
 13703 | D:10     | Killed a two-headed ogre
 13704 | D:10     | Reached XP level 12. HP: 68/80 MP: 22/27
 13781 | D:10     | Noticed a two-headed ogre
 13788 | D:10     | Killed a two-headed ogre
 13793 | D:10     | Noticed an ogre mage
 13794 | D:10     | Reached **** piety under Vehumet
 13829 | D:10     | Killed an ogre mage
 14006 | D:10     | Learned a level 5 spell: Fireball
 14069 | D:11     | Reached skill level 1 in Long Blades
 14272 | D:11     | Noticed Erica
 14277 | D:11     | Reached skill level 12 in Spellcasting
 14279 | D:11     | Killed Erica
 14392 | D:11     | Identified the amulet "Xuuxzaj" {Rampage rC+ Regen+}
 14744 | D:11     | Noticed a boulder beetle
 14755 | D:11     | Killed a boulder beetle
 14755 | D:11     | Offered knowledge of Dazzling Flash by Vehumet.
 15201 | D:11     | Noticed a two-headed ogre
 15205 | D:11     | Killed a two-headed ogre
 15257 | D:11     | Found Upaddut's Assorted Antiques.
 15978 | D:12     | Noticed a boulder beetle
 15984 | D:12     | Killed a boulder beetle
 16695 | Lair:1   | Entered Level 1 of the Lair of Beasts
 16847 | Lair:1   | Noticed a death yak
 16869 | Lair:1   | Killed a death yak
 16869 | Lair:1   | Noticed a death yak
 16870 | Lair:1   | Reached skill level 13 in Spellcasting
 16876 | Lair:1   | Noticed a death yak
 16897 | D:9      | Killed a death yak
 16956 | Lair:1   | Killed a death yak
 17230 | Lair:1   | Reached XP level 13. HP: 85/85 MP: 20/30
 17292 | Lair:1   | Reached skill level 1 in Earth Magic
 17361 | Lair:1   | Got Ynwahio's Disquisition on Guile
 17586 | Lair:1   | Got Omihaemi's Anthology of the Fey Snowflakes
 19144 | Lair:2   | Found a transporter.
 19158 | Lair:2   | Noticed Chingon's ghost (journeyman MiBe)
 19176 | Lair:2   | Found a transporter.
 19184 | Lair:2   | Found a staircase to the Snake Pit.
 19368 | Lair:2   | Noticed Sonja
 19375 | Lair:2   | Killed Sonja
 19615 | Lair:2   | Noticed Amaemon
 19620 | Lair:2   | Killed Amaemon
 19621 | Lair:2   | Reached skill level 14 in Spellcasting
 20015 | Lair:2   | Found a staircase to the Swamp.
 20569 | Lair:3   | Reached ***** piety under Vehumet
 21047 | Lair:3   | Found a basalt altar of Yredelemnul.
 21059 | Lair:3   | Offered knowledge of Ozocubu's Refrigeration by Vehumet.
 21787 | Lair:4   | Noticed Kirke
 21934 | Lair:4   | Noticed a sphinx
 21934 | Lair:4   | Mangled by a hog

Illustrated notes

Levels and vault maps discovered:
D:1:      saegor_arrival_simple_c, layout_loops_ring
D:2:      layout_basic, nrook_mini_vaults, reono_crystal_passage,
          minmay_pentomino_t4
D:3:      layout_loops_ring, marbit_many_paths, kiku_gazebo_pond_becter,
          ebering_ghost_reflecting_pool
D:4:      layout_basic, nzn_wu_jian_contemplation, gup_ossuary_entry_pyramid,
          minmay_fractal_squares_5
D:5:      layout_loops_cross, doesnt_xom_only_xom, kennysheep_mini_moat,
          kennysheep_generic_room_4, uniq_eustachio, uniq_menkaure
D:6:      layout_basic, old_standard_altar, okawaru_altar_gauntlet_db,
          temple_statues, nicolae_kite_square_tiling_tiny
D:7:      layout_rooms, zin_purify, kennysheep_little_box,
          mainiacjoe_overflow_alcove_4, dancing_weapons_uskayaw,
          minmay_microvault
D:8:      layout_loops_ring, st_stairs_10
D:9:      layout_big_octagon, mainiacjoe_overflow_concentric_impassable,
          lair_entry_dummy, minmay_unpleasant_kobolds
D:10:     lemuel_ogre_cave, layout_irregular_city, orc_0_dummy, serial_shops,
          nicolae_stop_n_shop_1, uniq_lodul, uniq_josephine
D:11:     nicolae_whirlpool, layout_loops_ring, serial_shops, shop, uniq_erica
D:12:     layout_stronghold
Temple:   zaba_magenta_temple
Lair:1:   minmay_lair_oklob_tunnel, layout_regular_city
Lair:2:   layout_chaotic_city, minmay_swamp_entry_worms,
          guppyfry_snake_entry_island, nzn_ghost_randoct, uniq_amaemon,
          uniq_sonja
Lair:3:   layout_concentric_octagons, basic_altar
Lair:4:   layout_loops_ring, minmay_slime_entry_pillars,
          nicolae_volcano_entry_vermiform, minmay_shattered_shrine,
          infiniplex_staircase_pool_2, uniq_kirke

Skill      XL: |  1  2  3  4  5  6  7  8  9 10 11 12 13 |
---------------+----------------------------------------+-----
Fire Magic     | 3 4 5 6 8 10 11 | 11.9
Dodging        | 2 3 4 |  4.5
Spellcasting   | 3 4 5 7 8 9 11 13 14 | 14.4
Maces & Flails | 1 2 |  2.4
Conjurations   | 2 3 4 5 6 7 |  7.8
Fighting       | 1 2 3 |  3.2
Poison Magic   | 2 3 5 7 8 |  8.4
Shields        | 1 |  1.2
Long Blades    | 1 2 |  2.2
Earth Magic    | 2 |  2.1
Stealth        | |  1.7

Action                   |  1- 3 |  4- 6 |  7- 9 | 10-12 | 13-15 || total
-------------------------+-------+-------+-------+-------+-------++-------
Melee: Unarmed           |    10 |       |       |       |    11 ||    21
       Club              |     5 |       |       |       |       ||     5
       Whip              |    12 |     2 |       |       |       ||    14
       Flail             |       |    32 |    15 |     4 |       ||    51
       Punch             |       |     1 |       |       |       ||     1
       Great sword       |       |       |       |    27 |    55 ||    82
 Cast: Foxfire           |    50 |   113 |   170 |   246 |    31 ||   610
       Scorch            |     5 |    38 |    60 |   114 |     2 ||   219
       Flame Wave        |       |       |     3 |    20 |     8 ||    31
       Olgreb's Toxic Ra |       |       |       |    86 |    48 ||   134
       Stone Arrow       |       |       |       |    17 |    25 ||    42
       Magic Dart        |       |       |       |     1 |       ||     1
       Fireball          |       |       |       |       |    52 ||    52
  Use: Scroll            |       |    10 |     8 |     3 |     5 ||    26
       Potion            |       |       |     1 |     2 |     3 ||     6
Armor: Robe              |     1 |    17 |    15 |    33 |     2 ||    68
       Steam dragon scal |       |       |       |       |    10 ||    10
Dodge: Dodged            |    14 |    54 |    81 |   129 |    60 ||   338
Block: Other             |       |       |    11 |    37 |     8 ||    56

Table legend: (Time is in decaauts)
 A = Elapsed time spent in this place.
 B = Non-inter-level travel time spent in this place.
 C = Inter-level travel time spent in this place.
 D = Time resting spent in this place.
 E = Time spent auto-exploring this place.
 F = Levels seen in this place.
 G = Mean time per level.
                   A        B        C        D        E       F      G
               +--------+--------+--------+--------+--------+-----+--------+
         Total |  22067 |  21547 |    520 |    832 |  17430 |  18 | 1225.9 |
       Dungeon |  16028 |  15632 |    396 |    630 |  12651 |  12 | 1335.7 |
        Temple |     77 |     58 |     19 |      0 |     47 |   1 |   77.0 |
          Lair |   5222 |   5118 |    104 |    202 |   4119 |   4 | 1305.5 |
       Ossuary |    739 |    739 |      0 |      0 |    613 |   1 |  739.0 |
               +--------+--------+--------+--------+--------+-----+--------+

Top non-repeatable levels by time:
  Lair:1: 2398 daAuts
    D:10: 2223 daAuts
     D:5: 1646 daAuts
    D:11: 1613 daAuts
     D:7: 1602 daAuts
     D:8: 1531 daAuts
     D:1: 1267 daAuts
     D:9: 1264 daAuts
  Lair:3: 1230 daAuts
  Lair:2: 1218 daAuts
     D:6: 1177 daAuts
     D:3: 1055 daAuts
     D:2: 990 daAuts
    D:12: 976 daAuts
 Ossuary: 739 daAuts
